 Dungeon Crawl Stone Soup version 0.18.1-48-g4cf74bf (webtiles) character file.

195318 Heedrag the Devastator (level 17, -24/100 HPs)
             Began as a Deep Elf Conjurer on Aug 3, 2016.
             Was the Champion of Vehumet.
             Killed from afar by Asterion (54 damage)
             ... with an iron shot
             ... on level 1 of the Elven Halls.
             The game lasted 03:01:27 (34950 turns).

Heedrag the Devastator (Deep Elf Conjurer)         Turns: 34950, Time: 03:01:28

Health: -24/100    AC: 19    Str: 11    XL:     17   Next: 70%
Magic:  40/40      EV: 21    Int: 25    God:    Vehumet [******]
Gold:   2905       SH: 10    Dex: 19    Spells: 11 memorised, 4 levels left

rFire  + + .     SeeInvis +     d - +2 mace (protect)
rCold  x . .     Gourm    .     M - +0 troll leather armour
rNeg   . . .     Faith    .     f - +0 shield
rPois  .         Spirit   .     r - +1 helmet
rElec  .         Dismiss  .     F - +2 cloak
rCorr  .         Reflect  .     Y - +2 pair of gloves {archery}
SustAt .         Harm     .     B - +1 pair of boots {run}
MR     ++...     Clarity  +     m - amulet of magic regeneration
Stlth  ++........               E - ring of Dim Light {Fire +Inv Str+3 Dex+2}
                                L - ring of protection from magic

@: about to teleport, delayed fireball, heavily drained, quick, very resistant
to hostile enchantments, unstealthy
A: hooves 1, see invisible, agile 1, clarity, fire resistance 1, sense
surroundings 1, sturdy frame 1
a: Renounce Religion, Release Delayed Fireball, Evoke Invisibility
}: 1/15 runes: barnacled


You were on level 1 of the Elven Halls.
You worshipped Vehumet.
Vehumet was exalted by your worship.
You were not hungry.

You visited 6 branches of the dungeon, and saw 31 of its levels.
You visited 1 bazaar.

You collected 3057 gold pieces.
You spent 152 gold pieces at shops.

Inventory:

Hand Weapons
 d - a +2 mace of protection (weapon)
Armour
 f - a +0 shield (worn)
 j - a +0 buckler of protection
 r - a +1 helmet (worn)
 B - a +1 pair of boots of running (worn)
 F - a +2 cloak (worn)
 M - a +0 troll leather armour (worn)
 Y - a +2 pair of gloves of archery (worn)
Magical Staves
 a - an uncursed staff of death {unknown}
Jewellery
 k - a +2 amulet of reflection
 l - an uncursed ring of protection from cold
 m - an amulet of magic regeneration (around neck)
 p - an uncursed ring of wizardry
 t - an uncursed ring of sustain attributes
 E - the ring of Dim Light (right hand) {Fire +Inv Str+3 Dex+2}
   (You found it on level 4 of the Dungeon)

   [ring of fire]

   It enhances your fire magic, and weakens your ice magic.
   It affects your strength (+3).
   It affects your dexterity (+2).
   It protects you from fire.
   It makes you vulnerable to cold.
   It lets you turn invisible.
 L - a ring of protection from magic (left hand)
Wands
 u - a wand of teleportation (0/9)
 H - a wand of digging (20/24)
 I - a wand of teleportation (0/9)
 R - a wand of iceblast (15/15)
Scrolls
 b - 6 scrolls of identify
 o - 10 scrolls of remove curse
 x - 8 scrolls of blinking
 y - 10 scrolls of magic mapping
 G - 6 scrolls of fear
 K - 2 scrolls of fog
 Z - 4 scrolls of teleportation
Potions
 e - 6 potions of flight
 g - 2 potions of haste
 h - 2 potions of cancellation
 q - 5 potions of heal wounds
 s - a potion of magic
 w - 6 potions of brilliance
 A - 11 potions of curing
 U - a potion of resistance
Comestibles
 c - 10 bread rations
 i - 16 meat rations
 T - 67 fruits
 W - 3 royal jellies


   Skills:
 + Level 9.5(8.1) Fighting
 + Level 2.3(1.1) Armour
 + Level 14.4(12.8) Dodging
 - Level 2.4(1.2) Stealth
 + Level 7.6(6.2) Shields
 + Level 17.0(15.3) Spellcasting
 * Level 19.9(18.1) Conjurations
 - Level 10.3(8.8) Charms
 - Level 5.0(3.7) Translocations
 + Level 8.5(7.1) Fire Magic
 - Level 5.0(3.7) Ice Magic
 - Level 5.0(3.7) Evocations


You had 4 spell levels left.
You knew the following spells:

 Your Spells              Type           Power        Failure   Level  Hunger
a - Magic Dart            Conj           ####         0%          1    None
b - Dazzling Spray        Conj/Hex       ######       1%          3    None
c - Iskenderun's Mystic   Conj           #######.     1%          4    None
d - Iskenderun's Battles  Conj/Chrm      ######..     1%          5    #......
e - Force Lance           Conj/Tloc      ######..     1%          4    None
f - Bolt of Cold          Conj/Ice       #####.....   4%          6    ####...
g - Fireball              Conj/Fire      #######...   1%          5    #......
h - Conjure Flame         Conj/Fire      #######.     1%          3    None
i - Bolt of Fire          Conj/Fire      #######...   3%          6    ####...
j - Delayed Fireball      Conj/Fire      N/A          17%         7    ######.
k - Orb of Destruction    Conj           #######...   1%          7    ######.


Dungeon Overview and Level Annotations

Branches:
Dungeon (15/15)            Temple (1/1) D:6            Lair (8/8) D:8
 Shoals (4/4) Lair:4       Spider (0/4) Lair:3        Slime (0/6) Lair:7
    Orc (2/2) D:11            Elf (1/3) Orc:2        Vaults (0/5) D:14
 Depths (0/5) D:15

Altars:
Ashenzari
Cheibriados
Dithmenos
Elyvilon
Fedhas
Gozag
Kikubaaqudgha
Makhleb
Nemelex Xobeh
Okawaru
Pakellas
Qazlal
Ru
Sif Muna
Trog
Vehumet
Xom
Yredelemnul
Zin
The Shining One
Beogh

Shops:
D:11 :   D:13 *   D:15 *[   Orc:2 :[*(   Elf:1 %   Shoals:1 :

Portals:
Trove: D:12 (give 4 potions of cure mutation)

Annotations:
Lair:1 stash
Elf:1 Asterion


Innate Abilities, Weirdness & Mutations

You have large cloven feet.
You have supernaturally acute eyesight.
You are agile. (Dex +2)
You possess an exceptional clarity of mind.
Your flesh is heat resistant.
You passively map a small area around you.
Your movements are slightly less encumbered by armour (ER -2).


Message History

Asterion seems ta speed up.
Asterion conjures a destructive force in tha name o' Makhleb!
Tha fireball 'splodes!
Tha fireball 'ngulfs ye!
Ye resist.
Asterion conjures a destructive force in tha name o' Makhleb!
Tha orb o' electricity 'splodes!
Tha orb o' electricity 'ngulfs ye!
Asterion conjures a destructive force in tha name o' Makhleb!
Tha bolt o' negative energy hits ye!
Ye feel drain'd.
Castin': Iskenderun's Mestic Blast Confirm wit' . or Enter, or press ? or * ta list all spells.
Ye dinnae know tha spell.
Unknown command.
Read which item? (? fer menu, 'sc ta quit) As ye read tha scroll o' teleportation, it crumbles ta dust.
Ye feel strangely unst'ble.
Ye block Asterion's attack.
Asterion gores ye.
* * * LOW HITPOINT WARNIN'
* * * Asterion conjures a destructive force in tha name o' Makhleb!
Tha iron shot hits ye!
Ouch! Tha re'lly hurt!
Ye die...

##.....'## #.....>#
##'####.## #####'## #(#
##.## #.## #.# ##.## #.# #)#
##.## #.# #.# ##.## #.# #.#
##.###'## ##'## ###'#....
#.@.#######.##....)
##########...'.......').....
#........H...#########......
#.############ #...... #.#
##..... ######H# ##...#
.....#.# ##### ).#..#.#
.###.#.#


You could see Asterion.

Vanquished Creatures
  Saint Roka (Orc:2)
  Nikola (Elf:1)
  2 krakens (Shoals:4)
  Gastronok (D:9)
  Ilsuiw (Shoals:4)
  Roxanne (Shoals:4)
  An orc warlord (Orc:1)
  Donald (Shoals:4)
  Aizul (Shoals:2)
  Nessos (Lair:6)
  A salamander stormcaller (D:15)
  Azrael (Elf:1)
  A deep elf death mage (Elf:1)
  5 merfolk javelineers
  3 vault guards (D:14)
  7 merfolk impalers
  Josephine (D:11)
  A yaktaur captain (D:15)
  Harold (Lair:1)
  5 merfolk avatars
  12 hydras
  A catoblepas (D:15)
  3 merfolk aquamancers (Shoals:4)
  6 centaur warriors
  3 alligator snapping turtles
  2 ogre magi
  The ghost of Thomus the Cleaver, a novice HOFi of Okawaru (D:10)
  6 dancing weapons (Elf:1)
  3 death yaks (Lair:4)
  2 satyrs (Shoals:4)
  4 orc high priests
  Urug (Orc:1)
  A salamander mystic (D:15)
  5 deep elf knights (Elf:1)
  3 deep elf archers (Elf:1)
  8 hill giants
  2 unseen horrors (D:13)
  6 sea snakes
  21 deep elf magi (Elf:1)
  5 orc knights
  12 harpies
  A wolf spider zombie (D:14)
  5 orc sorcerers
  5 cyclopes
  12 manticores
  7 fauns
  6 griffons
  6 ugly things
  2 salamanders (D:15)
  A wizard (D:13)
  10 elephants
  2 centaur zombies
  3 black mambas
  2 ice statues (Shoals:1)
  5 water nymphs
  5 sirens
  15 spiny frogs
  A spiny frog (shapeshifter) (D:14)
  7 rime drakes
  A yaktaur (D:15)
  2 kobold demonologists (D:14)
  2 jumping spiders (Lair:3)
  10 komodo dragons
  A spriggan druid (Lair:8)
  7 trolls
  4 two-headed ogres
  22 merfolk
  A jumping spider (shapeshifter) (Elf:1)
  2 wind drakes
  A wind drake (shapeshifter) (D:10)
  10 polar bears
  13 blink frogs
  Prince Ribbit (D:7)
  A harpy skeleton (D:15)
  5 snapping turtles
  3 air elementals (Elf:1)
  11 redbacks
  5 wraiths
  2 shadows
  A water elemental (Shoals:4)
  13 spriggans (Lair:8)
  62 yaks
  9 wyverns
  6 basilisks
  3 fire elementals (Elf:1)
  A golden eye (shapeshifter) (Elf:1)
  Menkaure (D:4)
  15 hippogriffs
  A hungry ghost (D:12)
  5 wargs
  A soldier ant (D:14)
  18 water moccasins
  4 hell hounds
  14 porcupines
  An eye of draining (D:13)
  Duvessa (D:7)
  7 ice beasts
  5 black bears
  A phantom (D:13)
  6 wasps
  3 necrophages
  49 orc warriors
  8 sky beasts
  28 wolves
  16 ogres
  11 centaurs
  13 crocodiles
  3 big kobolds
  30 giant frogs
  A wyvern zombie (D:14)
  Dowan (D:7)
  2 gnoll sergeants
  A water moccasin zombie (D:6)
  A wyvern skeleton (D:14)
  3 scorpions
  4 killer bees (D:10)
  3 wights (D:11)
  3 electric eels
  7 howler monkeys
  6 crimson imps
  2 giant frog zombies
  30 orc priests
  A wyvern simulacrum (D:13)
  7 hounds
  5 jellies
  33 orc wizards
  4 centaur skeletons
  3 giant frog skeletons
  6 iguanas
  7 worker ants
  2 killer bee zombies (D:9)
  21 sheep
  A giant frog simulacrum (D:13)
  2 hound skeletons
  16 gnolls
  Robin (D:4)
  63 river rats
  8 adders
  3 shadow imps
  4 white imps (D:13)
  2 ufetubi (D:13)
  6 oozes
  An adder zombie (D:6)
  2 adder skeletons
  2 worms
  2 dart slugs
  6 giant geckos
  103 orcs
  4 bats
  7 giant cockroaches
  16 goblins
  12 hobgoblins
  11 jackals
  19 kobolds
  2 quokkas
  3 ball pythons
  A giant gecko skeleton (D:8)
  A giant gecko zombie (D:5)
  9 giant newts
  2 jackal skeletons (D:7)
  A quokka skeleton (D:4)
  6 rats
  A butterfly (Lair:3)
  A plant (Elf:1)
  5 tentacles (Shoals:4)
1155 creatures vanquished.

Vanquished Creatures (others)
  A deep elf archer (Elf:1)
  A deep elf mage (Elf:1)
  9 fungi
  16 plants
  25 tentacles (Shoals:4)
  475 tentacle segments (Shoals:4)
527 creatures vanquished.

Grand Total: 1682 creatures vanquished

Notes
Turn   | Place    | Note
--------------------------------------------------------------
     0 | D:1      | Heedrag the Deep Elf Conjurer began the quest for the Orb.
     0 | D:1      | Reached XP level 1. HP: 10/10 MP: 6/6
   155 | D:1      | Reached XP level 2. HP: 15/15 MP: 5/8
   314 | D:1      | Reached skill level 5 in Conjurations
   522 | D:1      | Reached XP level 3. HP: 19/19 MP: 8/10
   527 | D:1      | Learned a level 3 spell: Dazzling Spray
  1006 | D:2      | Found a shadowy altar of Dithmenos.
  1006 | D:2      | Found an ancient bone altar of Kikubaaqudgha.
  1057 | D:2      | Reached XP level 4. HP: 24/24 MP: 10/12
  1092 | D:2      | Found a blossoming altar of Fedhas.
  1440 | D:3      | Learned a level 4 spell: Iskenderun's Mystic Blast
  1465 | D:3      | Found an oddly glowing altar of Pakellas.
  1678 | D:3      | Found a sparkling altar of Nemelex Xobeh.
  1780 | D:3      | Reached skill level 6 in Conjurations
  2036 | D:4      | Reached skill level 5 in Spellcasting
  2036 | D:4      | Reached XP level 5. HP: 28/28 MP: 7/14
  2100 | D:4      | Noticed Robin
  2473 | D:4      | Found a shimmering altar of Xom.
  2478 | D:4      | Got a brightly glowing amber ring
  2485 | D:4      | Learned a level 5 spell: Iskenderun's Battlesphere
  2540 | D:4      | Identified the ring of Dim Light {Fire +Inv Str+3 Dex+2} (You found it on level 4 of the Dungeon)
  2569 | D:4      | Noticed Menkaure
  2576 | D:4      | Killed Menkaure
  2576 | D:4      | Reached skill level 7 in Conjurations
  2576 | D:4      | Reached skill level 1 in Charms
  2576 | D:4      | Reached XP level 6. HP: 17/32 MP: 0/16
  2748 | D:4      | Killed Robin
  2891 | D:4      | Reached XP level 7. HP: 36/36 MP: 13/18
  3212 | D:5      | Entered Level 5 of the Dungeon
  3324 | D:5      | Found a basalt altar of Yredelemnul.
  3339 | D:5      | Reached skill level 8 in Conjurations
  3999 | D:6      | Reached XP level 8. HP: 32/41 MP: 13/20
  4017 | D:6      | Reached skill level 5 in Charms
  4023 | D:6      | Reached skill level 9 in Conjurations
  4550 | D:6      | Found a staircase to the Ecumenical Temple.
  4559 | Temple   | Entered the Ecumenical Temple
  4570 | Temple   | Became a worshipper of Vehumet
  4873 | D:6      | Gained mutation: You possess an exceptional clarity of mind. [mutagenic meat]
  4874 | D:6      | Gained mutation: You have supernaturally acute eyesight. [mutagenic meat]
  4875 | D:6      | Gained mutation: You passively map a small area around you. [mutagenic meat]
  4901 | D:6      | Reached skill level 10 in Conjurations
  5143 | D:7      | Found a shattered altar of Ashenzari.
  5182 | D:7      | Reached XP level 9. HP: 45/45 MP: 20/23
  5568 | D:7      | Noticed Duvessa
  5568 | D:7      | Noticed Dowan
  5577 | D:7      | Killed Duvessa
  5578 | D:7      | Killed Dowan
  5918 | D:7      | Noticed Prince Ribbit
  5922 | D:7      | Killed Prince Ribbit
  5922 | D:7      | Reached skill level 11 in Conjurations
  6029 | D:8      | Reached * piety under Vehumet
  6029 | D:8      | Offered knowledge of Freeze by Vehumet.
  6399 | D:8      | Reached skill level 10 in Spellcasting
  6404 | D:8      | Found a staircase to the Lair.
  6585 | D:9      | Offered knowledge of Sandblast by Vehumet.
  6585 | D:9      | Reached XP level 10. HP: 50/50 MP: 24/26
  6605 | D:9      | Reached ** piety under Vehumet
  6716 | D:9      | Reached skill level 5 in Dodging
  6716 | D:9      | Reached skill level 12 in Conjurations
  6758 | D:9      | Noticed Gastronok
  6773 | D:9      | Killed Gastronok
  7028 | D:9      | Found an oddly glowing altar of Pakellas.
  7029 | D:9      | Found a blossoming altar of Fedhas.
  7354 | D:10     | Entered Level 10 of the Dungeon
  7366 | D:10     | Reached skill level 10 in Charms
  7445 | D:10     | Noticed Thomus's ghost (novice HOFi)
  7478 | D:10     | Killed Thomus's ghost
  7478 | D:10     | Reached skill level 13 in Conjurations
  7575 | D:10     | Noticed a hill giant
  7582 | D:10     | Noticed an ogre mage
  7618 | D:10     | Reached XP level 11. HP: 55/55 MP: 22/28
  7623 | D:10     | Offered knowledge of Mephitic Cloud by Vehumet.
  7778 | D:10     | Reached skill level 1 in Fighting
  7903 | D:10     | Found a basalt altar of Yredelemnul.
  7941 | D:10     | Noticed a hill giant
  7956 | D:10     | Killed a hill giant
  7961 | D:10     | Killed a hill giant
  8282 | D:10     | Killed an ogre mage
  8307 | D:10     | Identified the Papyrus of Dusty Bewitchment
  8313 | D:10     | Identified the Guide on Evil Displacement (You found it on level 10 of the Dungeon)
  8354 | D:10     | Reached *** piety under Vehumet
  8646 | Lair:1   | Entered Level 1 of the Lair of Beasts
  8647 | Lair:1   | Noticed an eight-headed hydra
  8654 | Lair:1   | Killed an eight-headed hydra
  8758 | Lair:1   | Noticed Harold
  8772 | Lair:1   | Killed Harold
  8772 | Lair:1   | Reached skill level 14 in Conjurations
  8874 | Lair:1   | Offered knowledge of Static Discharge by Vehumet.
  9175 | Lair:2   | Reached XP level 12. HP: 64/64 MP: 27/30
  9503 | Lair:2   | Reached **** piety under Vehumet
  9850 | Lair:2   | Noticed an eight-headed hydra
 10101 | Lair:2   | Killed an eight-headed hydra
 10672 | D:10     | Learned a level 4 spell: Force Lance
 10701 | D:11     | Noticed Josephine
 10960 | Lair:3   | Reached skill level 15 in Conjurations
 11398 | Lair:3   | Found a hole to the Spider Nest.
 11465 | Lair:3   | Got a transparent shortbow
 11484 | Lair:3   | Identified the +3 shortbow "Xausa" {freeze, Str+7} (You found it on level 3 of the Lair of Beasts)
 11536 | Lair:3   | Offered knowledge of Throw Icicle by Vehumet.
 11686 | Lair:3   | Reached skill level 10 in Dodging
 11986 | Lair:3   | Got a polished great sword
 11987 | Lair:3   | Identified the cursed +1 great sword "Saoxesint" {freeze, *Confuse rF+ MR+ Str+3} (You found it on level 3 of the Lair of Beasts)
 12369 | Lair:4   | Reached skill level 5 in Fighting
 12676 | Lair:4   | Noticed a death yak
 12676 | Lair:4   | Noticed a death yak
 12676 | Lair:4   | Noticed a death yak
 12676 | Lair:4   | Noticed a death yak
 12676 | Lair:4   | Noticed a death yak
 12676 | Lair:4   | Noticed a death yak
 12724 | Lair:4   | Reached ***** piety under Vehumet
 12724 | Lair:4   | Offered knowledge of Bolt of Cold by Vehumet.
 12904 | Lair:4   | Learned a level 6 spell: Bolt of Cold
 13005 | Lair:4   | Found a staircase to the Shoals.
 13014 | Lair:4   | Reached XP level 13. HP: 52/72 MP: 12/32
 14023 | Lair:5   | Reached skill level 1 in Ice Magic
 14105 | Lair:5   | Reached skill level 1 in Shields
 14105 | Lair:5   | Reached skill level 16 in Conjurations
 14412 | Lair:5   | Offered knowledge of Poison Arrow by Vehumet.
 15773 | Lair:6   | Noticed Nessos
 16108 | D:11     | Killed Josephine
 16279 | D:11     | Identified a +1 pair of boots of running (You found it on level 11 of the Dungeon)
 16792 | D:11     | Found a staircase to the Orcish Mines.
 16938 | D:11     | Found Hyuwet's Book Shop.
 17175 | D:12     | Found a portal to a secret trove of treasure.
 17306 | D:12     | Reached XP level 14. HP: 80/80 MP: 13/34
 17781 | D:13     | Gained mutation: You are agile. (Dex +2) [mutagenic meat]
 18009 | D:13     | Offered knowledge of Fireball by Vehumet.
 18020 | D:13     | Got a faintly humming scale mail
 18059 | D:13     | Found Plog's Assorted Antiques.
 18068 | D:13     | Reached skill level 17 in Conjurations
 18297 | D:13     | Identified the +10 scale mail of Sunlight {rF- Regen+ Dex+2} (You found it on level 13 of the Dungeon)
 18809 | D:14     | Found a gate to the Vaults.
 18942 | D:14     | Reached skill level 5 in Ice Magic
 19030 | D:14     | Learned a level 5 spell: Fireball
 19057 | D:14     | Learned a level 3 spell: Conjure Flame
 19204 | D:14     | Reached skill level 1 in Translocations
 19430 | D:14     | Reached skill level 1 in Fire Magic
 20168 | D:15     | Entered Level 15 of the Dungeon
 20296 | D:15     | Found a flickering gateway to a bazaar.
 20305 | Bazaar   | Entered a bazaar
 20305 | Bazaar   | Found Cocianud's Book Emporium.
 20305 | Bazaar   | Found Niyl's Distillery.
 20305 | Bazaar   | Found Ozutedey's Distillery.
 20307 | Bazaar   | Found Fafots's Jewellery Shoppe.
 20321 | Bazaar   | Bought a potion of mutation for 40 gold pieces
 20321 | Bazaar   | Bought a potion of lignification for 48 gold pieces
 20321 | Bazaar   | Bought a potion of brilliance for 64 gold pieces
 20321 | Bazaar   | Gained mutation: Your movements are slightly less encumbered by armour (ER -2). [potion of beneficial mutation]
 20428 | D:15     | Offered knowledge of Iron Shot by Vehumet.
 20618 | D:15     | Found Cack's Assorted Antiques.
 20786 | D:15     | Found Oseiben's Armour Boutique.
 21178 | D:15     | Found a staircase to the Depths.
 21409 | Lair:1   | Identified a scroll of acquirement
 21425 | Lair:1   | Gained mutation: Your flesh is heat resistant. [potion of beneficial mutation]
 21426 | Lair:1   | Gained mutation: You have large cloven feet. [potion of beneficial mutation]
 21631 | Lair:4   | Reached XP level 15. HP: 86/86 MP: 4/35
 22013 | Lair:6   | Killed Nessos
 22177 | Lair:7   | Reached skill level 5 in Shields
 22226 | Lair:7   | Found a staircase to the Slime Pits.
 22276 | Lair:7   | Reached skill level 15 in Spellcasting
 23068 | Orc:1    | Entered Level 1 of the Orcish Mines
 23313 | Orc:2    | Entered Level 2 of the Orcish Mines
 23717 | Orc:2    | Offered knowledge of Bolt of Fire by Vehumet.
 23736 | Orc:2    | Reached skill level 18 in Conjurations
 23740 | Orc:2    | Noticed Saint Roka
 23862 | Orc:1    | Noticed an orc warlord
 23867 | Orc:1    | Killed an orc warlord
 23893 | Orc:1    | Learned a level 6 spell: Bolt of Fire
 24072 | Orc:1    | Noticed Urug
 24078 | Orc:1    | Killed Urug
 24142 | Orc:1    | Found a roughly hewn altar of Beogh.
 24357 | Orc:2    | Found a staircase to the Elven Halls.
 25236 | Shoals:1 | Entered Level 1 of the Shoals
 25236 | Shoals:1 | Found Inuorch's Book Shop.
 25303 | Shoals:1 | Reached skill level 5 in Fire Magic
 25485 | Shoals:1 | Found a frozen archway.
 25597 | Shoals:1 | Reached skill level 5 in Translocations
 26163 | Shoals:2 | Reached ****** piety under Vehumet
 26313 | Shoals:2 | Noticed Aizul
 26330 | Shoals:2 | Killed Aizul
 26396 | Shoals:2 | Offered knowledge of Delayed Fireball by Vehumet.
 26834 | Shoals:3 | Reached XP level 16. HP: 93/93 MP: 28/37
 27775 | Shoals:3 | Reached skill level 1 in Evocations
 27918 | Shoals:4 | Entered Level 4 of the Shoals
 27918 | Shoals:4 | Noticed Donald
 27926 | Shoals:4 | Killed Donald
 28141 | Shoals:4 | Noticed Roxanne
 28260 | Shoals:4 | Killed Roxanne
 28269 | Shoals:4 | Identified Roxanne's Disquisition on Earth (You took it off Roxanne on level 4 of the Shoals)
 28278 | Shoals:4 | Learned a level 7 spell: Delayed Fireball
 28614 | Shoals:4 | Offered knowledge of Ozocubu's Refrigeration by Vehumet.
 28634 | Shoals:4 | Noticed Ilsuiw
 28647 | Shoals:4 | Killed Ilsuiw
 28807 | Shoals:4 | Reached skill level 19 in Conjurations
 29482 | Shoals:4 | Noticed a kraken
 29638 | Shoals:4 | Killed a kraken
 29671 | Shoals:4 | Got a barnacled rune of Zot
 29766 | Shoals:4 | Noticed a kraken
 29962 | Shoals:4 | Killed a kraken
 30846 | Lair:8   | Entered Level 8 of the Lair of Beasts
 31313 | Lair:8   | Reached XP level 17. HP: 100/100 MP: 32/39
 31406 | Lair:8   | Offered knowledge of Lehudib's Crystal Spear by Vehumet.
 31406 | Lair:8   | Offered knowledge of Fire Storm by Vehumet.
 31406 | Lair:8   | Offered knowledge of Chain Lightning by Vehumet.
 32087 | Lair:8   | Got a slimy whip
 32152 | Lair:8   | Identified the +4 whip "Newtslayer" {slash, rC+ Int+5 Dex-5} (You found it on level 8 of the Lair of Beasts)
 32154 | Lair:8   | Identified the Papyrus of Damaging Flames (You acquired it on level 8 of the Lair of Beasts)
 32275 | Lair:8   | Learned a level 7 spell: Orb of Destruction
 32587 | Orc:2    | Found a roughly hewn altar of Beogh.
 32651 | Orc:2    | Killed Saint Roka
 32651 | Orc:2    | Reached skill level 1 in Armour
 32760 | Orc:2    | Found a roughly hewn altar of Beogh.
 32788 | Orc:2    | Found Mesm's Book Emporium.
 32796 | Orc:2    | Found Satig's Antique Weapon Emporium.
 32885 | Orc:2    | Found a roughly hewn altar of Beogh.
 32987 | Orc:2    | Found Gywkuc's Antique Armour Emporium.
 33001 | Orc:2    | Found Quceukypn's General Store.
 33136 | Elf:1    | Entered Level 1 of the Elven Halls
 33215 | Elf:1    | Found Yrcheir's Food Shoppe.
 33215 | Elf:1    | Noticed Nikola
 33233 | Elf:1    | Killed Nikola
 33453 | Elf:1    | Reached skill level 5 in Evocations
 33701 | Elf:1    | Noticed Asterion
 33705 | Elf:1    | Noticed Azrael
 33743 | Elf:1    | Killed Azrael
 34950 | Elf:1    | Killed from afar by Asterion

Skill      XL: |  1  2  3  4  5  6  7  8  9 10 11 12 13 14 15 16 17 |
---------------+----------------------------------------------------+-----
Conjurations   | 5 6 7 8 10 11 13 14 15 16 17 18 19 | 19.9
Spellcasting   | 4 5 6 7 8 10 11 12 13 14 15 16 17 | 17.0
Charms         | 1 2 4 7 8 10 | 10.3
Dodging        | 4 6 8 10 11 12 13 14 | 14.4
Fighting       | 3 5 6 7 8 9 |  9.5
Ice Magic      | 4 5 |  5.0
Shields        | 3 4 6 7 |  7.6
Translocations | 3 5 |  5.0
Fire Magic     | 3 6 7 8 |  8.5
Evocations     | 4 5 |  5.0
Armour         | 2 |  2.3
Stealth        | |  2.4

Action                   |  1- 3 |  4- 6 |  7- 9 | 10-12 | 13-15 | 16-18 || total
-------------------------+-------+-------+-------+-------+-------+-------++-------
Melee: Unarmed           |     6 |       |       |       |       |       ||     6
       Short sword       |     5 |    28 |       |       |    46 |       ||    79
       Dagger            |       |       |    15 |     5 |       |       ||    20
       Mace              |       |       |       |       |       |     3 ||     3
 Cast: Magic Dart        |    67 |   130 |   206 |   299 |   624 |   225 ||  1551
       Dazzling Spray    |       |     4 |     5 |       |       |       ||     9
       Iskenderun's Myst |       |     4 |    16 |   106 |   269 |   214 ||   609
       Iskenderun's Batt |       |       |    30 |    72 |   174 |    90 ||   366
       Bolt of Cold      |       |       |       |       |     3 |     1 ||     4
       Fireball          |       |       |       |       |    55 |    34 ||    89
       Bolt of Fire      |       |       |       |       |    27 |    66 ||    93
       Delayed Fireball  |       |       |       |       |       |     1 ||     1
       Orb of Destructio |       |       |       |       |       |    19 ||    19
Evoke: Wand              |       |       |       |       |     2 |     3 ||     5
  Use: Scroll            |       |     1 |       |    17 |    14 |     8 ||    40
       Potion            |       |       |       |     2 |     8 |     3 ||    13
  Eat: Chunk             |       |     7 |    23 |    26 |    53 |    29 ||   138
       Beef jerky        |       |       |       |     2 |     3 |     1 ||     6
       Fruit             |       |       |       |     1 |       |     1 ||     2
       Pizza             |       |       |       |       |     1 |     2 ||     3
       Meat ration       |       |       |       |       |       |     1 ||     1
Armor: Robe              |     6 |    18 |     7 |    15 |    36 |       ||    82
       Troll leather arm |       |       |       |       |    22 |    47 ||    69
Dodge: Dodged            |    15 |    50 |    39 |    57 |   193 |   121 ||   475
Block: Buckler           |       |       |       |       |    47 |       ||    47
       Shield            |       |       |       |       |    14 |    86 ||   100
